 Dungeon Crawl Stone Soup version 0.24-a0-586-g8e0e932 (console) character file.

Game seed: 12248874607528873113, levelgen mode: deterministic

316 vegansnacktivist the Skirmisher (level 6, 0/51 HPs)
             Began as a Vampire Transmuter on Sept 8, 2019.
             Hit by a stone thrown by a big kobold (3 damage)
             ... on level 4 of the Dungeon.
             The game lasted 00:09:15 (3902 turns).

vegansnacktivist the Skirmisher (VpTm)              Turns: 3902, Time: 00:09:16

Health: 0/51       AC:  2    Str: 12    XL:     6   Next: 20%
Magic:  1/9        EV: 12    Int: 17    God:
Gold:   243        SH:  0    Dex: 14    Spells: 3/9 levels left

rFire    . . .     SeeInvis +     - Unarmed
rCold    . . .     Gourm    .   (no shield)
rNeg     . . .     Faith    .   b - +0 robe
rPois    .         Spirit   .   (no helmet)
rElec    .         Reflect  .   (no cloak)
rCorr    .         Harm     .   (no gloves)
MR       .....                  (no boots)
Stlth    +.........             (no amulet)
HPRegen  0.37/turn              s - +2 ring of strength
MPRegen  0.11/turn              (no ring)

@: very slightly contaminated, regenerating quickly
A: no food, fangs 3, see invisible, unbreathing
a: Exsanguinate


You were on level 4 of the Dungeon.
You were alive.

You visited 1 branch of the dungeon, and saw 4 of its levels.
You also visited: Sewer.

You collected 243 gold pieces.

Inventory:

Hand Weapons
 r - a +2 dagger of venom
Missiles
 a - 75 arrows
 m - 21 poisoned darts
 q - 5 curare-tipped darts (quivered)
Armour
 b - a +0 robe (worn)
Jewellery
 s - a +2 ring of strength (left hand)
Scrolls
 d - 3 scrolls of enchant armour
 f - 2 scrolls of enchant weapon {unknown}
 h - 3 scrolls of remove curse {unknown}
 i - 3 scrolls of teleportation {unknown}
 j - a scroll of random uselessness {unknown}
 o - a scroll of blinking {unknown}
 p - 3 scrolls of identify
 t - a scroll of magic mapping
Potions
 c - 2 potions of heal wounds {unknown}
 e - a potion of lignification
 g - a potion of brilliance
 k - 3 potions of haste {unknown}
 l - a potion of might {unknown}
 n - 4 potions of curing {unknown}


   Skills:
 - Level 5.1 Fighting
 - Level 2.1 Dodging
 + Level 4.5 Unarmed Combat
 - Level 2.0 Spellcasting
 - Level 2.1 Transmutations


You had 3 spell levels left.
You knew the following spells:

 Your Spells              Type           Power        Failure   Level  Hunger
a - Beastly Appendage     Tmut           #.....       8%          1    N/A
b - Sticks to Snakes      Tmut           #.......     12%         2    N/A
c - Spider Form           Tmut/Pois      #.........   36%         3    N/A

Your spell library contained the following spells:

 Spells                   Type           Power        Failure   Level  Hunger
 Ice Form                 Ice/Tmut       #.......     77%         4    N/A
 Blade Hands              Tmut           #.........   91%         5    N/A

Dungeon Overview and Level Annotations

Branches:
Dungeon (4/15)              Sewer (visited)
 Temple: D:4-7

Altars:


Innate Abilities, Weirdness & Mutations

You do not eat.
Your natural rate of healing is unusually fast.
You have razor-sharp teeth.
You have supernaturally acute eyesight. (SInv)
You can survive without breathing.


Message History

The kobold hits something but does no damage.
The kobold hits the plant but does no damage.
The kobold hits something but does no damage.
The kobold hits the plant with a +0 dagger.
The kobold hits something with a +0 short sword.
The big kobold throws a stone.
The stone closely misses you.
The kobold hits something but does no damage.
The kobold hits the plant but does no damage.
The kobold hits something but does no damage.
You see here 2 stones.
The big kobold throws a stone.
The stone hits you.
* * * LOW HITPOINT WARNING * * *
The kobold hits the plant but does no damage.
The kobold hits something but does no damage.
You see here a stone.
Your transformation has ended.
Your +0 robe unmelds from your body.
You feel sick.
You are no longer poisoned.
The big kobold throws a stone.
The stone hits you.
You die...

#...............................#
...........................####..
#..#.###########...........# ##%
....[.........>#...........# #.
##.##.########.#...........# #P
.......#...................# #.
#.####.#.#####.#...........# #♣
#........#..(..#...........#
#..####..#.##..#@###########
...<#..........#((.#
#####.##.#####.#..(♣## .......
.........(♣##
###.###.####.##..♣...♣# .. ..
...=.###♣..P♣##♣♣ .. .. ........
#P♣♣KKK#.♣P... . ........
###.PKP)PP...† .......
##♣♣(.P....†


You could see a big kobold.

Vanquished Creatures
  An orc priest (D:4)
  An orc wizard (D:4)
  Terence (D:3)
  A worker ant (D:4)
  3 gnolls
  4 adders
  4 worms
  9 leopard geckos
  4 orcs
  6 ball pythons
  2 giant cockroaches
  10 goblins
  8 hobgoblins
  11 jackals
  A quokka (D:1)
  A ball python skeleton (D:4)
  6 bats
  8 frilled lizards
  36 kobolds
  A quokka skeleton (D:4)
  11 rats
  5 plants (Sewer)
134 creatures vanquished.

Notes
Turn   | Place    | Note
-------+----------+-------------------------------------------
     0 | D:1      | vegansnacktivist the Vampire Transmuter began the quest for
                  | the Orb.
     0 | D:1      | Reached XP level 1. HP: 14/14 MP: 3/3
    17 | D:1      | Reached skill level 1 in Fighting
   260 | D:1      | Reached XP level 2. HP: 22/22 MP: 5/5
   268 | D:1      | Reached skill level 2 in Fighting
   855 | D:1      | Reached XP level 3. HP: 17/28 MP: 4/6
   899 | D:1      | Learned a level 2 spell: Sticks to Snakes
   903 | D:1      | Learned a level 3 spell: Spider Form
   916 | D:1      | Reached skill level 3 in Fighting
  1118 | D:2      | Reached XP level 4. HP: 17/35 MP: 4/7
  1425 | D:2      | Reached skill level 4 in Fighting
  1737 | D:3      | Noticed Terence
  1772 | D:3      | Killed Terence
  1772 | D:3      | Reached XP level 5. HP: 10/43 MP: 4/8
  1869 | D:3      | Found a glowing drain.
  1928 | Sewer    | Entered a sewer
  2848 | Sewer    | Reached skill level 5 in Fighting
  3609 | D:4      | Reached XP level 6. HP: 44/51 MP: 6/9
  3902 | D:4      | Hit by a stone thrown by a big kobold

Levels and vault maps discovered:
D:1:      dpeg_arrival_pond, layout_basic, minmay_box_of_dots
D:2:      layout_rooms, grunt_decor_one_mirror
D:3:      layout_basic, cheibrodos_sewer_entry_bend, uniq_terence
D:4:      kennysheep_kobold_camp, layout_basic, minmay_misc_feat_cross

Skill      XL: |  1  2  3  4  5 |
---------------+----------------+-----
Fighting       | 1 2 3 4 5 |  5.1
Unarmed Combat | 4 |  4.5
Dodging        | |  2.1
Spellcasting   | |  2.0
Transmutations | |  2.1

Action                   |  1- 3 |  4- 6 || total
-------------------------+-------+-------++-------
Melee: Unarmed           |   131 |   635 ||   766
       Bite              |     5 |    73 ||    78
       Headbutt          |     3 |     3 ||     6
       Kick              |     2 |    12 ||    14
       Punch             |     2 |     8 ||    10
Throw: Throwing net      |       |     1 ||     1
 Cast: Beastly Appendage |     5 |    14 ||    19
       Spider Form       |     3 |     8 ||    11
  Use: Scroll            |       |     3 ||     3
       Potion            |       |     2 ||     2
 Stab: Sleeping          |       |     1 ||     1
Armor: Robe              |    12 |    38 ||    50
       Skin              |       |    10 ||    10
Dodge: Dodged            |    90 |   243 ||   333

Table legend:
 A = Non-vault XP
 B = Vault XP
 C = Vault XP percentage of total XP
 D = Non-vault monster count
 E = Vault monster count
 F = Vault count percentage of total count
                 A         B        C        D         E       F
            +---------+---------+-------+---------+---------+-------
      Total |     313 |     139 |  30.8 |      80 |      49 |  38.0
            +---------+---------+-------+---------+---------+-------
        D:1 |      63 |       5 |   7.4 |      27 |       3 |  10.0
        D:2 |      79 |       0 |   0.0 |      23 |       0 |   0.0
        D:3 |      44 |      51 |  53.7 |      21 |       4 |  16.0
        D:4 |     127 |      24 |  15.9 |       9 |      17 |  65.4
      Sewer |       0 |      59 | 100.0 |       0 |      25 | 100.0
            +---------+---------+-------+---------+---------+-------
